 Dungeon Crawl Stone Soup version 0.29.1-13-g9f3cf754e1 (webtiles) character file.

Game seed: 13814039771199094772

11571 Exodus22XD the Cleaver (level 11, -1/95 HPs)
             Began as a Minotaur Fighter on Feb 4, 2023.
             Was a High Priest of the Shining One.
             Slain by a rakshasa (illusionary)
             ... wielding a +0 long sword
              (16 damage)
             ... on level 10 of the Dungeon.
             The game lasted 00:15:16 (10827 turns).

Exodus22XD the Cleaver (Minotaur Fighter)          Turns: 10827, Time: 00:15:17

Health: -1/95      AC: 20    Str: 25    XL:     11   Next: 51%
Magic:  16/16      EV:  7    Int:  5    God:    the Shining One [*****.]
Gold:   438        SH: 11    Dex: 10    Spells: 10/10 levels left

rFire   + . .      SeeInvis .   Q - +2 war axe
rCold   . . .      Faith    .   c - +0 buckler
rNeg    + + .      Spirit   .   G - +3 plate armour
rPois   .          Reflect  +   (helmet restricted)
rElec   .          Harm     .   h - +0 cloak
rCorr   .          Rampage  .   (no gloves)
Will    +....                   I - +0 pair of boots
Stlth   ..........              y - amulet of reflection
HPRegen 0.25/turn               j - ring of protection from fire
MPRegen 0.15/turn               R - ring of willpower

@: glowing
A: horns 2, retaliatory headbutt
a: Renounce Religion, Divine Shield, Cleansing Flame, Summon Divine Warrior


You were on level 10 of the Dungeon.
You worshipped the Shining One.
The Shining One was extremely pleased with you.
You visited 1 branch of the dungeon, and saw 10 of its levels.
You also visited: Sewer.

You collected 438 gold pieces.

Inventory:

Hand Weapons
 a - a +2 vorpal battleaxe
 J - a +4 flail
 Q - a +2 war axe (weapon)
 S - a +2 trident of freezing
Missiles
 M - 3 javelins (quivered)
Armour
 c - a +0 buckler (worn)
 h - a +0 cloak (worn)
 G - a +3 plate armour (worn)
 I - a +0 pair of boots (worn)
Jewellery
 b - a +4 ring of evasion
 j - a ring of protection from fire (left hand)
 y - an amulet of reflection (around neck)
 E - the ring "Boashibi" {Fly rF++ Str+3 Int-3 Dex+6}
   (You found it on level 10 of the Dungeon)

   [ring of dexterity]

   Str:       It affects your strength (+3).
   Int:       It affects your intelligence (-3).
   Dex:       It affects your dexterity (+6).
   rF:        It greatly protects you from fire.
   Fly:       It grants you flight.
 R - a ring of willpower (right hand)
Wands
 r - a wand of roots (32)
 K - a wand of charming (12)
 N - a wand of mindburst (6)
 P - a wand of flame (10)
Scrolls
 e - 5 scrolls of fear
 f - a scroll of enchant weapon
 g - 4 scrolls of teleportation
 i - 4 scrolls of butterflies
 l - a scroll of enchant armour
 v - 3 scrolls of brand weapon {unknown}
 w - a scroll of magic mapping {unknown}
 x - a scroll of vulnerability {unknown}
 B - 2 scrolls of amnesia {unknown}
 F - a scroll of poison {unknown}
 H - a scroll of blinking {unknown}
 O - a scroll of identify
Potions
 d - a potion of mutation {unknown}
 k - 2 potions of lignification
 m - a potion of flight {unknown}
 n - a potion of degeneration {unknown}
 o - 2 potions of attraction {unknown}
 q - 4 potions of brilliance {unknown}
 s - 6 potions of heal wounds {unknown}
 t - a potion of ambrosia {unknown}
 u - 2 potions of magic {unknown}
 z - 2 potions of haste {unknown}
 A - a potion of invisibility {unknown}
 C - 3 potions of curing
 L - a potion of cancellation {unknown}


   Skills:
 + Level 8.9 Fighting
 + Level 13.5 Axes
 + Level 10.1 Armour
 + Level 8.7 Shields
 * Level 8.0 Invocations


You had 10 spell levels left.
You didn't know any spells.
Your spell library was empty.

Dungeon Overview and Level Annotations

Branches:
Dungeon (10/15)            Temple (0/1) D:5           Sewer (visited)
   Lair: D:8-11         Orc: D:9-12

Altars:
Cheibriados
Dithmenos
Gozag
Nemelex Xobeh
Qazlal
Trog
Vehumet
Wu Jian
Xom
The Shining One


Innate Abilities, Weirdness & Mutations

You have a pair of horns on your head.
You reflexively headbutt those who attack you in melee.


Message History

The rakshasa hits you with a +0 long sword!
You closely miss the rakshasa. You headbutt the rakshasa!
The rakshasa is moderately wounded.
The rakshasa barely misses you.
You slash the rakshasa! You headbutt the rakshasa.
The rakshasa is heavily wounded.
You block the rakshasa's attack.
You closely miss the rakshasa. Your headbutt misses the rakshasa.
The rakshasa is moderately wounded.
You slash the rakshasa!
The rakshasa is heavily wounded.
The injured rakshasa weaves a defensive illusion!
You block the rakshasa's attack.
You hit the rakshasa.
The rakshasa is severely wounded.
You hit the rakshasa but do no damage.
The rakshasa hits you but does no damage.
The rakshasa hits you with a +0 long sword.
You barely miss the rakshasa.
You headbutt the rakshasa, but do no damage.
The rakshasa is severely wounded.
You hit the rakshasa. You slash the rakshasa!
The rakshasa hits you but does no damage.
The rakshasa hits you with a +0 long sword. x2
You barely miss the rakshasa. Your headbutt misses the rakshasa.
The rakshasa is severely wounded.
You hit the rakshasa. x2; You block the rakshasa's attack.
The rakshasa hits you with a +0 long sword.
The rakshasa hits you but does no damage.
You slash the rakshasa!
You kill the rakshasa!
The rakshasa shimmers and vanishes!
You hit the rakshasa. You barely miss the rakshasa.
The rakshasa gestures at you. The lance of force hits you!!
You are knocked back by the lance of force.
You slam into the stone wall!
* * * LOW HITPOINT WARNING * * *
The rakshasa hits you with a +0 long sword!
You die...

.....#########.....##.....##...##
####..........##..##..#.#..##.##.
#......##..#..##.#######.###..
#......##..#..#.##:).::##.#..#
#......##..#.)#...))}.....#.##
#......##..#..'...........'#.#
#..........#).#.#...#...#)#.##
#..<.......#..#.##.###.##.#..#
########'##.R@##.### ###.###..
#.R..##. .# ##. #.....##. .# ##
#......# ## # #.....## ## ##...##
##. ...## ##.. ...# #..# #.#.


You could see 2 rakshasas.

Vanquished Creatures
  2 two-headed ogres
  Pikel (D:5)
  A manticore (D:10)
  An ugly thing (D:10)
  A gargoyle (D:9)
  A troll (D:10)
  A meliai (D:10)
  A hornet (D:8)
  Grinder (Sewer)
  A shadow (D:10)
  A wraith (D:9)
  2 wyverns
  8 yaks
  2 vampire mosquitoes (D:10)
  An acid dragon (D:9)
  2 water moccasins (D:6)
  2 ice beasts (D:6)
  A sky beast (D:8)
  10 orc warriors
  A black bear (D:6)
  An ogre (D:5)
  7 centaurs
  3 phantoms
  3 kobold brigands
  2 necrophages
  5 bullfrogs
  3 scorpions (D:6)
  9 wights
  14 killer bees
  6 howler monkeys
  9 orc priests
  2 jellies (D:4)
  A gnoll bouda (D:6)
  4 hounds
  4 iguanas
  9 orc wizards
  Robin (D:3)
  8 gnolls
  11 adders
  A river rat (D:5)
  4 shadow imps
  4 white imps
  3 ufetubi
  2 worms
  28 orcs
  9 ball pythons
  A bat zombie (Sewer)
  7 endoplasms
  12 giant cockroaches
  3 hobgoblins
  2 jackals (D:1)
  22 kobolds
  5 quokkas
  4 bats
  4 frilled lizards
  2 giant cockroach zombies (Sewer)
  19 goblins
  7 rats
282 creatures vanquished.

Vanquished Creatures (others)
  A manticore (D:10)
  2 kobolds (Sewer)
  10 plants (D:3)
13 creatures vanquished.

Grand Total: 295 creatures vanquished

Notes
Turn   | Place    | Note
-------+----------+-------------------------------------------
     0 | D:1      | Exodus22XD the Minotaur Fighter began the quest for the
                  | Orb.
     0 | D:1      | Reached XP level 1. HP: 19/19 MP: 0/0
   150 | D:1      | Reached XP level 2. HP: 27/27 MP: 1/1
  1030 | D:2      | Found a faded altar of an unknown god.
  1054 | D:2      | Prayed at the altar of an unknown god.
  1054 | D:2      | Became a worshipper of the Shining One
  1054 | D:2      | Reached * piety under the Shining One
  1082 | D:2      | Reached XP level 3. HP: 31/33 MP: 2/2
  1330 | D:2      | Reached skill level 3 in Axes
  1621 | D:2      | Reached XP level 4. HP: 40/40 MP: 3/3
  1912 | D:3      | Noticed Robin
  1922 | D:3      | Killed Robin
  1923 | D:3      | Reached skill level 1 in Invocations
  2802 | D:4      | Noticed a necrophage
  2807 | D:4      | Reached skill level 4 in Axes
  2807 | D:4      | Reached XP level 5. HP: 43/46 MP: 4/4
  2814 | D:4      | Reached ** piety under the Shining One
  2815 | D:4      | Reached skill level 5 in Armour
  2901 | D:4      | Reached XP level 6. HP: 53/53 MP: 6/6
  2929 | D:4      | Reached skill level 5 in Axes
  3015 | D:4      | Found an opulent altar of Gozag.
  3819 | D:5      | Entered Level 5 of the Dungeon
  3832 | D:5      | Reached XP level 7. HP: 26/60 MP: 6/8
  3853 | D:5      | Found a glowing drain.
  3879 | D:5      | Reached skill level 6 in Axes
  3887 | D:5      | Reached skill level 5 in Fighting
  4087 | Sewer    | Entered a sewer
  4251 | Sewer    | Found an ancient bone altar of Kikubaaqudgha.
  4251 | Sewer    | Reached *** piety under the Shining One
  4337 | Sewer    | Noticed Grinder
  4340 | Sewer    | Paralysed by Grinder for 2 turns
  4341 | Sewer    | Reached skill level 7 in Axes
  4348 | Sewer    | Killed Grinder
  4349 | Sewer    | Reached XP level 8. HP: 50/69 MP: 9/9
  5080 | D:5      | Reached skill level 8 in Axes
  5108 | D:5      | Found a staircase to the Ecumenical Temple.
  5153 | D:5      | Noticed Pikel
  5159 | D:5      | Killed Pikel
  5160 | D:5      | Reached skill level 9 in Axes
  5160 | D:5      | Reached skill level 5 in Shields
  5216 | D:5      | Found a radiant altar of Vehumet.
  5242 | D:5      | Found a stormy altar of Qazlal.
  5268 | D:5      | Found a bloodstained altar of Trog.
  5607 | D:6      | Reached XP level 9. HP: 68/75 MP: 11/11
  5617 | D:6      | Reached skill level 5 in Invocations
  5830 | D:6      | Reached **** piety under the Shining One
  5839 | D:6      | Reached skill level 10 in Axes
  6200 | D:6      | Found a shimmering altar of Xom.
  6890 | D:7      | Reached skill level 11 in Axes
  7246 | D:8      | Reached XP level 10. HP: 85/86 MP: 13/13
  7277 | D:8      | Paralysed by a hornet for 3 turns
  7474 | D:8      | Found an ornate altar of the Wu Jian Council.
  7986 | D:8      | Found the +7 staff of the Meek {protect, meekguard}
  8164 | D:8      | Found a shadowy altar of Dithmenos.
  8368 | D:8      | Found a sparkling altar of Nemelex Xobeh.
  8587 | D:9      | Reached skill level 12 in Axes
  8676 | D:9      | Identified the +0 leather armour of Dyclov {rElec Will+}
  8677 | D:9      | Reached ***** piety under the Shining One
  8682 | D:9      | Noticed a two-headed ogre
  8695 | D:9      | Killed a two-headed ogre
  9170 | D:9      | Noticed a gargoyle
  9181 | D:9      | Killed a gargoyle
  9664 | D:9      | Reached XP level 11. HP: 94/94 MP: 15/15
  9869 | D:10     | Entered Level 10 of the Dungeon
  9924 | D:10     | Found a snail-covered altar of Cheibriados.
 10013 | D:10     | Noticed a two-headed ogre
 10017 | D:10     | Killed a two-headed ogre
 10020 | D:10     | Reached skill level 13 in Axes
 10048 | D:10     | Noticed a white ugly thing
 10048 | D:10     | Noticed a rakshasa
 10056 | D:10     | Killed a white ugly thing
 10392 | D:10     | Reached skill level 10 in Armour
 10558 | D:10     | Identified the ring "Boashibi" {Fly rF++ Str+3 Int-3 Dex+6}
 10827 | D:10     | Slain by a rakshasa (illusionary)

Illustrated notes

Levels and vault maps discovered:
D:1:      lightli_arrival_boilingwater, layout_basic
D:2:      layout_basic, basic_ecumenical_altar, minmay_increasing_density
D:3:      layout_loops_ring, serial_bayou, serial_bayou_shore_b,
          serial_bayou_ford_a, serial_bayou_pond_e, serial_bayou_lagoon_b,
          serial_bayou_pond_c, serial_bayou_pond_b, uniq_robin
D:4:      layout_gridville, grunt_gozag_breadcrumbs
D:5:      layout_rooms, marbit_many_paths, lemuel_round_altar,
          general_overflow_altar, minmay_temple_entry_from_below_b,
          portal_sewer_entry_c, uniq_pikel
D:6:      layout_loops_ring, lemuel_round_altar, hangedman_minor_gate_pass
D:7:      layout_basic, st_stairs_10
D:8:      layout_cave_pools, kennysheep_mini_moat, nemelex_diamond_rough_becter,
          kennysheep_little_box, serial_co_window_serial, co_window_paths_a,
          co_window_cross_1, co_window_paths_b, co_window_paths_b,
          co_window_paths_b, co_window_2corner, co_window_2corner,
          co_window_broadway_a, co_window_4corner_b, co_window_paths_e,
          glass_columns_b, glass_columns_a, glass_columns_a, glass_columns_a,
          pf_guarded_unrand_meek
D:9:      layout_loops_ring
D:10:     minmay_the_grid_octo_2x2 [minmay_the_grid_octo_clover,
          minmay_the_grid_octo_thin_diamonds, minmay_the_grid_octo_fat_diamond,
          minmay_the_grid_octo_prize_ultimate_mussel_roller], layout_stronghold,
          mainiacjoe_overflow_alcove_2, old_standard_altar,
          mainiacjoe_overflow_catwalk, onia_ninara_cookie

Skill      XL: |  1  2  3  4  5  6  7  8  9 10 11 |
---------------+----------------------------------+-----
Shields        | 4 5 6 7 8 |  8.7
Armour         | 4 5 6 7 8 9 10 | 10.1
Fighting       | 4 5 6 7 8 |  8.9
Axes           | 3 4 5 7 9 11 12 13 | 13.5
Invocations    | 1 2 3 4 6 7 8 |  8.0

Action                   |  1- 3 |  4- 6 |  7- 9 | 10-12 || total
-------------------------+-------+-------+-------+-------++-------
Melee: War axe           |    66 |    94 |   271 |   226 ||   657
       Headbutt          |    13 |    11 |    58 |    56 ||   138
Invok: Divine Shield     |       |       |       |     2 ||     2
       Cleansing Flame   |       |       |       |     1 ||     1
  Use: Scroll            |     1 |     5 |     2 |     2 ||    10
       Potion            |       |       |     3 |     1 ||     4
Armor: Scale mail        |    40 |    46 |    65 |       ||   151
       Plate armour      |       |       |    24 |    92 ||   116
Dodge: Dodged            |    37 |    40 |    75 |    65 ||   217
Block: Buckler           |    16 |    20 |   100 |   167 ||   303
       Reflection        |       |       |     2 |    13 ||    15
